 Dungeon Crawl Stone Soup version 0.20.0-10-g0535bb4 (webtiles) character file.

41465 matyilona the Fencer (level 14, -5/181 HPs)
             Began as a Barachi Berserker on June 6, 2017.
             Was a High Priest of Trog.
             Slain by a death yak (14 damage)
             ... on level 6 of the Lair of Beasts.
             The game lasted 01:52:22 (18039 turns).

matyilona the Fencer (Barachi Berserker)           Turns: 18039, Time: 01:52:23

Health: -5/181     AC: 23    Str: 21    XL:     14   Next: 15%
Magic:  14/14      EV:  2    Int:  7    God:    Trog [*****.]
Gold:   946        SH:  9    Dex: 15    Spells: 13/13 levels left

rFire    . . .     SeeInvis .   a - +3 long sword (flame)
rCold    + . .     Gourm    .   f - +3 buckler
rNeg     + + +     Faith    .   (armour currently unavailable)
rPois    +         Spirit   .   (helmet currently unavailable)
rElec    .         Reflect  .   (cloak currently unavailable)
rCorr    +         Harm     +   (gloves currently unavailable)
MR       +....     Clarity  +   (boots currently unavailable) Stlth +.........NoTele +
                                I - amulet of harm
Regen    0.4/turn               A - ring of protection from cold
MPRegen  0.2/turn               x - ring of resist corrosion

@: tree-form, corroded, can't hop, berserk cooldown, slowed, very slow
A: +LOS, swims, clarity, robust 1
a: Berserk, Trog's Hand, Brothers in Arms, Burn Spellbooks, Renounce Religion


You were on level 6 of the Lair of Beasts.
You worshipped Trog.
Trog was extremely pleased with you.
You were not hungry.
You were a tree.
You visited 2 branches of the dungeon, and saw 16 of its levels.

You collected 946 gold pieces.

Inventory:

Hand Weapons
 a - a +3 long sword of flaming (weapon)
 b - a +0 hunting sling
 L - a +0 falchion
 T - a +0 blowgun
 X - a +5 antimagic long sword
Missiles
 d - 391 stones (quivered)
 p - a throwing net
 t - 45 poisoned needles
 G - 6 tomahawks
 K - 7 needles of sleeping
 R - 132 sling bullets
Armour
 e - a +1 pair of gloves (melded)
 f - a +3 buckler (worn)
 H - a +2 ring mail of poison resistance
 O - a +0 cloak (melded)
 W - the +8 scale mail "Damnable Contraption" (melded) {rElec Stlth+}
   (You found it on level 4 of the Lair of Beasts)

   It insulates you from electricity.
   It makes you more stealthy.
Jewellery
 l - an uncursed ring of protection from fire
 m - an uncursed ring of protection from cold
 x - a ring of resist corrosion (right branch)
 A - a ring of protection from cold (left branch)
 C - an uncursed ring of positive energy
 I - an amulet of harm (around neck)
Wands
 r - a wand of digging (16/24)
 J - a wand of paralysis (15/24)
 N - a wand of disintegration (9/24)
 Y - a wand of disintegration (19/24)
Scrolls
 j - a scroll of fear
 o - 5 scrolls of fog
 q - 4 scrolls of magic mapping
 s - 3 scrolls of recharging
 w - 4 scrolls of teleportation
 y - 5 scrolls of remove curse
 z - a scroll of identify
 Q - a scroll of brand weapon
Potions
 g - a potion of brilliance
 i - 2 potions of magic
 k - 5 potions of flight
 u - 3 potions of invisibility
 v - 3 potions of might
 D - a potion of cancellation
 P - a potion of berserk rage
 S - 2 potions of resistance
 U - a potion of haste
 V - 2 potions of lignification
Books
 Z - a book of Conjurations

   Spells                             Type                      Level
   a - Magic Dart                     Conjuration                  1
   b - Searing Ray                    Conjuration                  2
   c - Dazzling Spray                 Conjuration/Hexes            3
   d - Fulminant Prism                Conjuration/Hexes            4
   e - Force Lance                    Conjuration/Translocation    4
   f - Iskenderun's Mystic Blast      Conjuration                  4
   Trog disapproves of the use of such an item.
Comestibles
 c - 7 bread rations
 n - 21 fruits
 E - 8 meat rations


   Skills:
 + Level 10.1 Fighting
 * Level 17.6 Long Blades
 - Level 13.7 Armour
 * Level 12.0 Dodging
 - Level 6.0 Shields


You had 13 spell levels left.
You didn't know any spells.

Dungeon Overview and Level Annotations

Branches:
Dungeon (10/15)            Temple (0/1) D:4            Lair (6/6) D:10
  Swamp (0/4) Lair:2       Spider (0/4) Lair:3        Slime (0/5) Lair:5
    Orc: D:9-12

Altars:
Ashenzari
Dithmenos
Fedhas
Hepliaklqana
Kikubaaqudgha
Nemelex Xobeh
Okawaru
Trog
Uskayaw
Vehumet
Yredelemnul

Annotations:
Lair:6 exclusion: 2 oklob plants


Innate Abilities, Weirdness & Mutations

Shadows flee at your approach. (+LOS)
You can swim through water.
((You cover ground slowly.))
((You can hop longer distances.))
((You have sharp toenails.))
You possess an exceptional clarity of mind.
You are robust. (+10% HP)


Message History

You hit the death yak. You burn the death yak.
You claw the death yak, but do no damage.
The death yak is lightly wounded.
You block the death yak's attack. The death yak gores you!
The death yak gores you!!
* * * LOW HITPOINT WARNING * * *
You feel much better. The death yak gores you.
The death yak gores you but does no damage.
The death yak gores you!!
* * * LOW HITPOINT WARNING * * *
The death yak gores you.
* * * LOW HITPOINT WARNING * * *
The death yak gores you!
* * * LOW HITPOINT WARNING * * *
You block the death yak's attack. The death yak completely misses you.
You turn into a tree.
Your +0 cloak melds into your body.
Your +1 pair of gloves melds into your body.
The +8 scale mail "Damnable Contraption" {rElec Stlth+} melds into your body.
Your roots penetrate the ground.
The death yak gores you!
You die...

#....................#
##...................P.
#P.....................
##P...................#
#....................#
##..................###
#...................##.
#......Y...........#.#.
##....♣Y...............
###....Y..............≈
#....†...............≈.
#.....................≈
#.#####.##.........Y...
#.$.$.................P
#.....P............
#?$)...............
#..P.$.............


You could see 3 death yaks.

Vanquished Creatures
  4 hydras
  Nergalle (D:10)
  2 oklob plants (Lair:6)
  A cyclops (D:10)
  An orb spider (Lair:3)
  5 elephants
  6 black mambas
  Psyche (D:8)
  18 spiny frogs
  10 komodo dragons
  4 rime drakes
  4 polar bears
  4 tyrant leeches (Lair:6)
  Prince Ribbit (D:5)
  13 blink frogs
  A hornet (D:6)
  12 hippogriffs
  7 dream sheep (Lair:6)
  A wyvern (D:8)
  28 yaks
  A vampire (D:10)
  3 humans (D:6)
  A basilisk (Lair:6)
  A steam dragon (D:10)
  6 vampire mosquitoes (Lair:6)
  3 hungry ghosts
  2 wargs (D:9)
  13 water moccasins
  10 porcupines
  2 black bears
  A sky beast (D:10)
  3 orc warriors
  2 ice beasts
  3 phantoms
  An eye of draining (D:9)
  5 ogres
  3 wolves (Lair:3)
  A necrophage (D:7)
  6 centaurs
  11 crocodiles
  2 big kobolds (D:7)
  27 bullfrogs
  A water moccasin zombie (D:5)
  5 scorpions
  2 killer bees (D:9)
  2 electric eels
  4 howler monkeys
  4 crimson imps
  A bullfrog zombie (D:6)
  A quasit (D:7)
  6 orc priests
  2 hounds
  3 jellies
  14 orc wizards
  A centaur skeleton (D:7)
  3 bullfrog skeletons
  9 hell rats
  2 iguanas
  6 worker ants
  2 hound skeletons
  2 worker ant zombies
  A howler monkey skeleton (D:7)
  14 adders
  7 gnolls
  5 river rats (Lair:4)
  An ooze (D:1)
  An adder skeleton (D:7)
  3 worms
  3 dart slugs
  5 leopard geckos
  22 orcs
  7 bats
  5 giant cockroaches
  7 goblins
  8 hobgoblins
  19 jackals
  19 kobolds
  10 quokkas
  2 ball pythons
  5 frilled lizards (D:2)
  A jackal zombie (D:5)
  2 leopard gecko skeletons (D:4)
  A quokka skeleton (D:6)
  16 rats
465 creatures vanquished.

Vanquished Creatures (others)
  A sky beast (D:8)
  12 fungi (Lair:6)
  62 plants
75 creatures vanquished.

Grand Total: 540 creatures vanquished

Notes
Turn   | Place    | Note
-------+----------+-------------------------------------------
     0 | D:1      | matyilona the Barachi Berserker began the quest for the Orb.
     0 | D:1      | Reached XP level 1. HP: 18/18 MP: 1/1
   105 | D:1      | Reached skill level 4 in Long Blades
   108 | D:1      | Reached XP level 2. HP: 21/25 MP: 2/2
   649 | D:1      | Reached XP level 3. HP: 30/30 MP: 3/3
   956 | D:2      | Reached skill level 5 in Long Blades
  1300 | D:2      | Found a shattered altar of Ashenzari.
  1389 | D:2      | Reached ** piety under Trog
  1389 | D:2      | Reached XP level 4. HP: 5/37 MP: 4/4
  1390 | D:2      | Gained mutation: You are clumsy. (Dex -2) [potion of mutation]
  1390 | D:2      | Gained mutation: You are resistant to electric shocks. (rElec) [potion of mutation]
  1390 | D:2      | Gained mutation: You have a pair of small antennae on your head. [potion of mutation]
  1543 | D:2      | Reached skill level 1 in Shields
  1606 | D:2      | Found a hazy altar of Hepliaklqana.
  1896 | D:2      | Reached XP level 5. HP: 34/42 MP: 5/5
  1928 | D:2      | Found a shadowy altar of Dithmenos.
  2265 | D:3      | Found a transporter.
  2266 | D:3      | Noticed a phantom
  2268 | D:3      | Found a transporter.
  2269 | D:3      | Found a bloodstained altar of Trog.
  2269 | D:3      | Found an ancient bone altar of Kikubaaqudgha.
  2657 | D:3      | Found a faded altar of an unknown god.
  2657 | D:3      | Found an iron altar of Okawaru.
  2662 | D:3      | Found a sparkling altar of Nemelex Xobeh.
  2667 | D:3      | Found a radiant altar of Vehumet.
  2670 | D:3      | Found a basalt altar of Yredelemnul.
  3108 | D:3      | Reached XP level 6. HP: 48/48 MP: 6/6
  3112 | D:3      | Killed a phantom
  3112 | D:3      | Reached skill level 6 in Long Blades
  3207 | D:4      | Lost mutation: You are clumsy. (Dex -2) [potion of mutation]
  3207 | D:4      | Lost mutation: You are resistant to electric shocks. (rElec) [potion of mutation]
  3207 | D:4      | Lost mutation: You have a pair of small antennae on your head. [potion of mutation]
  3207 | D:4      | Gained mutation: You are robust. (+10% HP) [potion of mutation]
  3207 | D:4      | Gained mutation: You possess an exceptional clarity of mind. [potion of mutation]
  3207 | D:4      | Gained mutation: You have sharp toenails. [potion of mutation]
  3619 | D:2      | Reached *** piety under Trog
  3800 | D:4      | Reached XP level 7. HP: 41/59 MP: 7/7
  4013 | D:4      | Found a staircase to the Ecumenical Temple.
  4042 | D:4      | Reached skill level 5 in Shields
  4094 | D:4      | Reached skill level 7 in Long Blades
  4913 | D:4      | Noticed a hungry ghost
  4934 | D:4      | Killed a hungry ghost
  4934 | D:4      | Reached skill level 8 in Long Blades
  4934 | D:4      | Reached XP level 8. HP: 53/66 MP: 8/8
  5077 | D:5      | Entered Level 5 of the Dungeon
  5528 | D:5      | Noticed Prince Ribbit
  5553 | D:5      | Killed Prince Ribbit
  5553 | D:5      | Reached skill level 9 in Long Blades
  6308 | D:6      | Reached **** piety under Trog
  6342 | D:6      | Reached skill level 5 in Armour
  6467 | D:6      | Reached skill level 10 in Long Blades
  6467 | D:6      | Reached XP level 9. HP: 69/71 MP: 9/9
  6725 | D:6      | Reached skill level 5 in Dodging
  6936 | D:6      | Noticed a hornet
  6949 | D:6      | Killed a hornet
  7134 | D:7      | Reached skill level 11 in Long Blades
  7495 | D:7      | Reached XP level 10. HP: 78/78 MP: 10/10
  7916 | D:7      | Reached ***** piety under Trog
  8137 | D:8      | Found a blossoming altar of Fedhas.
  8152 | D:8      | Noticed Psyche
  8199 | D:8      | Paralysed by something for 5 turns
  8205 | D:8      | Killed Psyche
  8205 | D:8      | Reached skill level 12 in Long Blades
  8652 | D:9      | Found a hide-covered altar of Uskayaw.
  8783 | D:9      | Received a gift from Trog
  9004 | D:9      | Reached skill level 10 in Armour
  9380 | D:9      | Reached skill level 13 in Long Blades
  9456 | D:9      | Reached XP level 11. HP: 84/84 MP: 11/11
  9481 | D:10     | Entered Level 10 of the Dungeon
  9854 | D:10     | Found a staircase to the Lair.
  9976 | D:10     | Noticed a cyclops
  9994 | D:10     | Killed a cyclops
 10174 | D:10     | Noticed Nergalle
 10183 | D:10     | Killed Nergalle
 10521 | Lair:1   | Entered Level 1 of the Lair of Beasts
 10533 | Lair:1   | Noticed a four-headed hydra
 10543 | Lair:1   | Killed a one-headed hydra
 10946 | Lair:1   | Reached skill level 14 in Long Blades
 11005 | Lair:1   | Reached skill level 5 in Fighting
 11015 | Lair:1   | Got a heavily runed leather armour
 11026 | Lair:1   | Identified the +1 leather armour of Ogimamp {Regen+ rCorr Int-5 Slay-3} (You found it on level 1 of the Lair of Beasts)
 11773 | Lair:2   | Found a staircase to the Swamp.
 11962 | Lair:2   | Reached XP level 12. HP: 94/94 MP: 12/12
 12097 | Lair:2   | Received a gift from Trog
 13018 | Lair:3   | Reached skill level 15 in Long Blades
 13555 | Lair:3   | Found a hole to the Spider Nest.
 14082 | Lair:3   | Reached ****** piety under Trog
 14133 | Lair:4   | Got a scorched dagger
 14134 | Lair:4   | Identified the +0 dagger of the Disturbing Nights {pierce, *Corrode MR++ Int+4 SInv} (You found it on level 4 of the Lair of Beasts)
 14230 | Lair:4   | Identified a scroll of acquirement
 14231 | Lair:4   | Got a smoking buckler
 14242 | Lair:4   | Identified the +0 buckler "Qoumisyceu" {-Tele Dex+3} (You acquired it on level 4 of the Lair of Beasts)
 14243 | Lair:4   | Got a brightly glowing scale mail
 14254 | Lair:4   | Identified the +8 scale mail "Damnable Contraption" {rElec Stlth+} (You found it on level 4 of the Lair of Beasts)
 14444 | Lair:4   | Noticed a five-headed hydra
 14454 | Lair:4   | Killed a one-headed hydra
 14674 | Lair:4   | Received a gift from Trog
 14856 | Lair:4   | Gained mutation: You can hop longer distances. [Barachi growth]
 14856 | Lair:4   | Reached XP level 13. HP: 86/107 MP: 13/13
 15463 | Lair:5   | Reached skill level 16 in Long Blades
 15463 | Lair:5   | Reached skill level 10 in Dodging
 15756 | Lair:5   | Found a staircase to the Slime Pits.
 15852 | Lair:6   | Entered Level 6 of the Lair of Beasts
 16763 | Lair:6   | Reached skill level 17 in Long Blades
 17054 | Lair:6   | Received a gift from Trog
 17213 | Lair:6   | Reached XP level 14. HP: 38/119 MP: 14/14
 17247 | Lair:6   | Reached skill level 10 in Fighting
 18038 | Lair:6   | HP: 6/121 [death yak (12)]
 18039 | Lair:6   | Slain by a death yak

Skill      XL: |  1  2  3  4  5  6  7  8  9 10 11 12 13 14 |
---------------+-------------------------------------------+-----
Long Blades    | 4 5 6 8 10 11 13 14 15 17 | 17.6
Fighting       | 4 5 7 9 10 | 10.1
Armour         | 3 5 8 10 12 13 | 13.7
Shields        | 1 3 4 5 6 |  6.0
Dodging        | 4 6 7 8 9 11 12 | 12.0

Action                   |  1- 3 |  4- 6 |  7- 9 | 10-12 | 13-15 || total
-------------------------+-------+-------+-------+-------+-------++-------
Melee: Falchion          |    83 |   199 |   359 |   232 |       ||   873
       Kick              |       |    18 |   183 |   363 |   168 ||   732
       Long sword        |       |       |   192 |   691 |   387 ||  1270
 Fire: Hunting sling     |       |       |     2 |       |       ||     2
Throw: Stone             |     3 |     3 |       |       |       ||     6
Invok: Berserk           |       |     2 |     8 |    13 |     9 ||    32
       Trog's Hand       |       |     1 |       |       |     2 ||     3
       Burn Spellbooks   |       |       |     1 |     4 |     1 ||     6
 Abil: Hop               |       |       |     1 |     2 |     2 ||     5
Evoke: Wand              |       |       |       |       |     2 ||     2
  Use: Scroll            |     1 |     1 |       |    23 |     5 ||    30
       Potion            |       |     5 |     2 |     2 |    11 ||    20
 Stab: Sleeping          |     1 |       |       |       |       ||     1
       Distracted        |       |       |       |     1 |       ||     1
  Eat: Chunk             |     2 |    10 |    14 |    35 |    13 ||    74
       Meat ration       |       |     1 |       |       |       ||     1
       Royal jelly       |       |       |     3 |       |     2 ||     5
       Bread ration      |       |       |       |     2 |       ||     2
Armor: Animal skin       |     8 |    29 |     9 |       |       ||    46
       Ring mail         |       |       |    91 |   177 |       ||   268
       Scale mail        |       |       |       |    14 |   121 ||   135
Dodge: Dodged            |    51 |    91 |   224 |   381 |   206 ||   953
Block: Buckler           |       |    28 |   152 |   239 |   132 ||   551
       Rpst.: Falchion   |    21 |    30 |    44 |    17 |       ||   112
       Long sword        |       |       |    21 |    87 |    59 ||   167
